 Dungeon Crawl Stone Soup version 0.30-a0-986-g7f2e898f52 (webtiles) character file.

Game seed: 813047886822085120

102627 CornPuffBuddha the Warrior (level 16, -7/161 HPs)
             Began as a Hill Orc Fighter on Jan 15, 2023.
             Was an Initiate of Gozag.
             Splashed by a goliath frog's acid (8 damage)
             ... on level 1 of the Swamp on Apr 1, 2023.
             The game lasted 02:38:00 (34690 turns).

CornPuffBuddha the Warrior (Hill Orc Fighter)      Turns: 34690, Time: 02:38:01

Health: -7/161     AC: 24    Str: 40    XL:     16   Next: 33%
Magic:  25/25      EV:  9    Int:  8    God:    Gozag
Gold:   255        SH:  8    Dex: 16    Spells: 15/15 levels left

rFire   x . .      SeeInvis .    M - +8 hammer of Experimentation {protect, MP+9}
rCold   . . .      Faith    .    c - +0 buckler
rNeg    + . .      Spirit   .    A - +7 chain mail {rN+}
rPois   +          Reflect  .    R - +2 helmet
rElec   +          Rampage  .    j - +0 cloak
rCorr   .                        (no gloves)
Will    +....                    V - +0 pair of boots of Qazlal's Generosity {Slay+2} Stlth
                                 (no amulet)
HPRegen 0.46/turn                v - +6 ring of strength
MPRegen 0.19/turn                d - ring of Fofaitec {rElec rPois rF- Str+7 Dex+6}

@: about to teleport, corroded, under a protective aura, hasted, studying 2
skills, very quick
A: no striking features
a: Renounce Religion, Potion Petition, Call Merchant, Bribe Branch


You were on level 1 of the Swamp.
You worshipped Gozag.
Gozag was aware of your devotion.
You visited 5 branches of the dungeon, and saw 24 of its levels.
You also visited: Sewer.

You collected 8467 gold pieces.
You spent 2989 gold pieces at shops.
You paid 5223 gold pieces to Gozag.

Inventory:

Hand Weapons
 a - a +3 heavy battleaxe
 M - the +8 hammer of Experimentation (weapon) {protect, MP+9}
   (You found it on level 6 of the Dungeon)

   MP:        It affects your magic capacity (+9).
Missiles
 m - 20 poisoned darts (quivered)
 n - 3 atropa-tipped darts
 I - 8 throwing nets
 Z - 4 javelins
Armour
 c - a +0 buckler (worn)
 j - a +0 cloak (worn)
 s - the +1 ring mail "Ranuimn" {Str+3}
   (You found it on level 11 of the Dungeon)

   Str:       It affects your strength (+3).
 A - a +7 chain mail of positive energy (worn)
 R - a +2 helmet (worn)
 V - the +0 pair of boots of Qazlal's Generosity (worn) {Slay+2}
   (You bought it in a shop on level 6 of the Dungeon)

   Slay:      It affects your accuracy & damage with ranged weapons and melee
   (+2).
 X - a +1 helmet of see invisible
Jewellery
 d - the ring of Fofaitec (right hand) {rElec rPois rF- Str+7 Dex+6}
   (You bought it in a shop on level 11 of the Dungeon)

   [ring of dexterity]

   Str:       It affects your strength (+7).
   Dex:       It affects your dexterity (+6).
   rF:        It makes you vulnerable to fire.
   rElec:     It insulates you from electricity.
   rPois:     It protects you from poison.
 e - a ring of protection from cold
 f - a ring of see invisible
 i - a ring of protection from fire
 l - a ring of protection from fire
 o - the ring "Forey" {rN++ Will+}
   (You found it on level 1 of the Lair of Beasts)

   [ring of willpower]

   rN:        It greatly protects you from negative energy.
   Will:      It increases your willpower.
 p - a ring of flight
 q - a ring of willpower
 v - a +6 ring of strength (left hand)
 L - a +5 ring of evasion
Wands
 b - a wand of flame (25)
 y - a wand of polymorph (14)
 B - a wand of digging (4)
 O - a wand of paralysis (15)
Scrolls
 r - 2 scrolls of torment
 x - 6 scrolls of identify
 F - 7 scrolls of teleportation
 H - 5 scrolls of enchant weapon
 K - 3 scrolls of poison
 Q - a scroll of magic mapping
 S - a scroll of brand weapon
 W - 4 scrolls of immolation
 Y - 3 scrolls of fog
Potions
 h - 6 potions of brilliance
 t - 5 potions of mutation
 z - a potion of resistance
 C - a potion of might
 D - 2 potions of magic
 E - a potion of ambrosia
 J - 4 potions of flight
 P - a potion of haste
 T - 2 potions of berserk rage
 U - 3 potions of invisibility
Miscellaneous
 G - a phial of floods


   Skills:
 + Level 19.6 Fighting
 - Level 11.8(17.8) Axes
 * Level 18.2(19.1) Maces & Flails
 - Level 12.0 Armour
 - Level 15.0 Shields


You had 15 spell levels left.
You didn't know any spells.
Your spell library contained the following spells:

 Spells                   Type           Power      Damage    Failure   Level
 Kiss of Death            Conj/Necr      0%         2d5       80%         1
 Magic Dart               Conj           0%         1d3       80%         1
 Lesser Beckoning         Tloc           0%         N/A       90%         2
 Scorch                   Fire           0%         2d5       90%         2
 Searing Ray              Conj           0%         2d4       90%         2
 Gell's Gravitas          Tloc           0%         N/A       99%         3
 Ignite Poison            Fire/Tmut/Pois 0%         N/A       99%         3
 Kindle Blastsparks       Fire/Tloc/Air  0%         2d10      99%         3
 Ozocubu's Armour         Ice            0%         N/A       99%         3
 Spider Form              Tmut/Pois      0%         N/A       99%         3
 Stone Arrow              Conj/Erth      0%         3d7       99%         3
 Teleport Other           Tloc           0%         N/A       99%         3
 Airstrike                Air            0%         2d(0-16)  100%        4
 Animate Armour           Summ/Erth      0%         N/A       100%        4
 Flame Wave               Conj/Fire      0%         2d4       100%        4
 Fulminant Prism          Conj/Hex       0%         3d5       100%        4
 Summon Lightning Spire   Summ/Air       0%         N/A       100%        4
 Agony                    Necr           0%         N/A       100%        5
 Alistair's Intoxication  Tmut/Pois      0%         N/A       100%        5
 Blade Hands              Tmut           0%         N/A       100%        5
 Borgnjor's Vile Clutch   Necr/Erth      0%         N/A       100%        5
 Freezing Cloud           Conj/Ice/Air   0%         6-21      100%        5
 Irradiate                Conj/Tmut      0%         3d11      100%        5
 Plasma Beam              Fire/Air       0%         2x1d7     100%        5
 Eringya's Noxious Bog    Tmut/Pois      0%         N/A       100%        6
 Summon Cactus Giant      Summ           0%         N/A       100%        6
 Dragon Form              Tmut           0%         N/A       100%        7
 Ozocubu's Refrigeration  Ice            0%         4d7       100%        7
 Lehudib's Crystal Spear  Conj/Erth      0%         10d2      100%        8


Dungeon Overview and Level Annotations

Branches:
Dungeon (15/15)            Temple (1/1) D:4            Lair (5/5) D:10
  Swamp (1/4) Lair:2        Snake (0/4) Lair:3        Slime (0/5) Lair:5
    Orc (2/2) D:12            Elf (0/3) Orc:2        Vaults (0/5) D:14
 Depths (0/4) D:15          Sewer (visited)

Altars:
Ashenzari
Cheibriados
Dithmenos
Elyvilon
Fedhas
Gozag
Hepliaklqana
Kikubaaqudgha
Makhleb
Nemelex Xobeh
Okawaru
Qazlal
Ru
Sif Muna
Trog
Uskayaw
Vehumet
Wu Jian
Xom
Yredelemnul
Zin
The Shining One

Shops:
D:6 [(   D:11 *[=[   D:13 [   D:14 *!   Orc:2 :[(:(

Portals:
Trove: D:11 (give +7 demon whip)

Annotations:
D:14 3 runed translucent doors, exclusions: 2 ice statues and obsidian statue, Wociock's ghost, journeyman DgHW
Lair:3 exclusion: oklob plant
Lair:4 exclusion: 2 oklob plants
Lair:5 3 runed translucent doors, Scrimshaw's ghost, journeyman TeAE; Xegu's ghost, journeyman DjSu


Message History

The eleionoma touches a tree and draws upon its vitality.
The eleionoma is healed.
You bludgeon the eleionoma!!
The eleionoma is moderately wounded.
The goliath frog hits you but does no damage.
The eleionoma hurls a spray of splinters at you.
The spray of wooden splinters hits you but does no damage.
As you read the scroll of teleportation, it crumbles to dust.
You feel strangely unstable. The goliath frog hits you from afar.
The acid corrodes you!
You are splashed with acid!
The eleionoma completely misses you.
You closely miss the eleionoma.
The eleionoma is moderately wounded.
The goliath frog hits you from afar.
You are splashed with acid.
* * * LOW HITPOINT WARNING * * *
You barely miss the eleionoma.
The eleionoma is moderately wounded.
The eleionoma hits you but does no damage.
The goliath frog hits you from afar!
* * * LOW HITPOINT WARNING * * *
You are splashed with acid!
* * * LOW HITPOINT WARNING * * *
[a] - 200 gold - haste [b] - 672 gold - resistance, invisibility, heal wounds and berserk rage [c] - 300 gold - resistance Purchase which effect?
You don't have enough gold for that! [a] - 200 gold - haste [b] - 672 gold - resistance, invisibility, heal wounds and berserk rage [c] - 300 gold - resistance Purchase which effect?
You no longer have enough gold to petition Gozag for potion effects.
You feel yourself speed up. The eleionoma hits you.
* * * LOW HITPOINT WARNING * * *
The goliath frog hits you but does no damage.
Found a scroll of magic mapping.
The goliath frog hits you from afar!!
* * * LOW HITPOINT WARNING * * *
You are splashed with acid!
You die...
Your body crumbles into a pile of gold.

♣.♣.......~......~.♣
♣~~.~~.~.....♣..♣♣~.♣♣
♣♣...~...~...♣.♣♣♣...♣
♣♣♣..~§...♣.♣♣.♣♣♣.♣♣
♣~..~~..♣.P♣.♣ ♣♣♣
♣♣.§~...♣ ♣.♣♣♣♣♣ ♣♣
.~~~..♣.♣♣ ♣♣.♣♣~♣♣ .♣
..~~~..♣R≈♣
♣..~..♣♣♣~♣
~......♣.@♣ ♣......♣~♣
~~.....♣♣.♣ ♣.......~♣
~~.♣. ♣.F. ♣♣♣♣♣...~♣
~~. ♣.♣$.≈ ♣♣♣.♣♣
♣....♣♣♣♣♣..~♣ ♣.♣
.♣....~♣♣♣ ?.♣
.♣.♣~..~♣♣♣ .≈♣
♣.♣♣....~♣♣ ♣.
♣♣.♣♣.~~...♣


You could see an eleionoma and a goliath frog.

Vanquished Creatures
  Agnes (D:14)
  2 bunyips
  Josephine (D:14)
  A fire dragon (D:15)
  6 hydras
  3 ogre magi
  Harold (D:11)
  2 catoblepae
  A death knight (D:14)
  11 two-headed ogres
  2 alligators (Lair:2)
  2 centaur warriors
  4 boulder beetles
  A tengu warrior (D:12)
  A deep troll shaman (Lair:5)
  3 orc high priests (Orc:2)
  5 death yaks (Lair:5)
  A vampire mage (D:15)
  A spriggan (Swamp:1)
  A storm dragon zombie (D:15)
  A fire crab (Lair:4)
  A skeletal warrior (D:15)
  A death drake (Lair:2)
  A skyshark (Lair:5)
  2 bog bodies (Swamp:1)
  2 necromancers
  Pikel (D:6)
  2 wizards (D:14)
  5 orc knights
  A frost giant zombie (D:15)
  4 deep elf pyromancers
  5 orc sorcerers
  10 cyclopes
  6 lindwurms
  A wolf spider (D:11)
  10 ugly things
  6 manticores
  9 elephants (Lair:5)
  A salamander (Lair:3)
  A gargoyle (D:11)
  5 black mambas
  5 unseen horrors
  11 komodo dragons
  6 cane toads
  3 efreet
  2 freezing wraiths
  2 yaktaurs
  A tengu conjurer (D:11)
  A rime drake (Lair:1)
  14 trolls
  A meliai (D:12)
  A guardian mummy (D:15)
  4 polar bears
  3 tyrant leeches
  Grinder (D:6)
  An ettin zombie (D:15)
  5 hornets
  Prince Ribbit (D:5)
  17 blink frogs
  4 slime creatures (D:14)
  A spriggan skeleton (D:15)
  Sigmund (D:4)
  4 wraiths
  3 wyverns
  4 vampires
  49 yaks
  5 basilisks
  2 steam dragons
  8 vampire mosquitoes
  Menkaure (D:4)
  3 swamp worms
  2 wargs
  2 acid dragons
  Duvessa (D:6)
  18 water moccasins
  21 orc warriors
  2 sky beasts
  2 ice beasts
  3 black bears
  8 ogres
  22 wolves
  2 boggarts
  17 centaurs
  3 phantoms (D:6)
  A lemure (D:6)
  15 bullfrogs
  3 gnoll sergeants
  9 wights
  Dowan (D:6)
  3 killer bees (D:10)
  A jelly (D:5)
  5 electric eels
  6 howler monkeys
  4 crimson imps (D:15)
  3 lava snakes (Lair:3)
  6 hounds
  2 gnoll boudas
  14 orc priests
  2 sleepcaps
  Crazy Yiuf (D:6)
  An iron imp (D:3)
  Jessica (D:2)
  4 iguanas
  18 orc wizards
  5 hell rats (Lair:5)
  3 hound zombies (D:4)
  Robin (D:4)
  30 gnolls
  10 river rats
  10 adders
  3 ufetubi
  2 adder zombies (D:4)
  3 worms
  2 dart slugs
  62 orcs
  22 ball pythons
  11 endoplasms
  9 giant cockroaches
  15 goblins
  9 hobgoblins
  5 jackals
  10 quokkas
  6 bats
  10 frilled lizards
  9 kobolds
  46 rats
775 creatures vanquished.

Vanquished Creatures (others)
  An unseen horror (shapeshifter) (D:12)
  A bloated husk (Swamp:1)
  A human (D:10)
  2 boggarts (D:13)
  A quokka (D:12)
  22 fungi
  167 plants
  8 withered plants (D:15)
203 creatures vanquished.

Grand Total: 978 creatures vanquished

Notes
Turn   | Place    | Note
-------+----------+-------------------------------------------
     0 | D:1      | CornPuffBuddha the Hill Orc Fighter began the quest for the
                  | Orb.
     0 | D:1      | Reached XP level 1. HP: 19/19 MP: 1/1
    41 | D:1      | Reached XP level 2. HP: 24/27 MP: 2/2
    42 | D:1      | Found Remuifru's Magic Scroll Shop.
    52 | D:1      | Upgraded the game from 0.30-a0-639-g3916f1956a to
                  | 0.30-a0-739-gea05faddec
   137 | D:1      | Reached skill level 4 in Fighting
   142 | D:1      | Reached XP level 3. HP: 33/33 MP: 3/3
   859 | D:2      | Noticed Jessica
   863 | D:2      | Killed Jessica
   864 | D:2      | Reached XP level 4. HP: 35/40 MP: 4/4
   934 | D:2      | Upgraded the game from 0.30-a0-739-gea05faddec to
                  | 0.30-a0-953-g5f1da4a474
   934 | D:2      | Upgraded the game from 0.30-a0-953-g5f1da4a474 to
                  | 0.30-a0-956-gcec3b41aec
  1288 | D:2      | Reached XP level 5. HP: 37/47 MP: 5/5
  1805 | D:3      | Found a sparkling altar of Nemelex Xobeh.
  1913 | D:3      | Found a glowing drain.
  1927 | Sewer    | Entered a sewer
  2087 | Sewer    | Reached XP level 6. HP: 54/55 MP: 6/6
  2223 | Sewer    | Reached skill level 5 in Fighting
  2223 | Sewer    | Reached skill level 5 in Axes
  2406 | D:3      | Got Mucisa's Almanac of Gloom and the Tincture
  2583 | D:3      | Found a snail-covered altar of Cheibriados.
  2807 | D:4      | Noticed Robin
  2809 | D:4      | Reached XP level 7. HP: 52/61 MP: 7/7
  2822 | D:4      | Killed Robin
  2883 | D:4      | Upgraded the game from 0.30-a0-956-gcec3b41aec to
                  | 0.30-a0-965-g42e074c17a
  2917 | D:4      | Found a sacrificial altar of Ru.
  2932 | D:4      | Reached skill level 5 in Armour
  2937 | D:4      | Reached skill level 5 in Shields
  3125 | D:4      | Noticed Menkaure
  3127 | D:4      | Upgraded the game from 0.30-a0-965-g42e074c17a to
                  | 0.30-a0-972-gf3ab3527aa
  3131 | D:4      | Killed Menkaure
  3264 | D:4      | Found a hide-covered altar of Uskayaw.
  3336 | D:4      | Noticed Sigmund
  3352 | D:4      | Killed Sigmund
  3353 | D:4      | Reached skill level 6 in Fighting
  3353 | D:4      | Reached XP level 8. HP: 52/70 MP: 8/8
  3415 | D:4      | Found a staircase to the Ecumenical Temple.
  3438 | Temple   | Entered the Ecumenical Temple
  3591 | Temple   | Became a worshipper of Gozag Ym Sagoz the Greedy
  3800 | D:4      | Found a basalt altar of Yredelemnul.
  4145 | D:5      | Entered Level 5 of the Dungeon
  4513 | D:5      | Noticed Prince Ribbit
  4569 | D:5      | Killed Prince Ribbit
  4821 | D:5      | Reached skill level 7 in Fighting
  4841 | D:5      | Reached XP level 9. HP: 65/79 MP: 9/9
  5246 | D:6      | Noticed Pikel
  5247 | D:6      | Found Systud's Weapon Emporium.
  5264 | D:6      | Killed Pikel
  5265 | D:6      | Reached skill level 10 in Axes
  5824 | D:6      | Reached skill level 8 in Fighting
  5888 | D:6      | Noticed Grinder
  5895 | D:6      | Paralysed by Grinder for 2 turns
  5899 | D:6      | Killed Grinder
  5913 | D:6      | Noticed Dowan
  5916 | D:6      | Noticed Duvessa
  5925 | D:6      | Killed Dowan
  5933 | D:6      | Killed Duvessa
  5981 | D:6      | Found a runed translucent door.
  5981 | D:6      | Noticed Crazy Yiuf
  5993 | D:6      | Killed Crazy Yiuf
  5998 | D:6      | Identified the +8 hammer of Experimentation {protect, MP+9}
  6384 | D:6      | Reached skill level 1 in Maces & Flails
  6542 | D:6      | Reached XP level 10. HP: 52/90 MP: 10/10
  6703 | D:6      | Reached skill level 9 in Fighting
  6769 | D:6      | Bought a +3 chain mail of positive energy for 329 gold
                  | pieces
  6875 | D:7      | Found a burning altar of Makhleb.
  7535 | D:7      | Reached skill level 5 in Maces & Flails
  8641 | D:9      | Identified the +0 spear of the Eternal Void {freeze, rF+
                  | Will+}
  8658 | D:9      | Reached skill level 10 in Fighting
  8899 | D:6      | Bought the +0 pair of boots of Qazlal's Generosity {Slay+2}
                  | for 278 gold pieces
  8899 | D:6      | Bought a +1 helmet of see invisible for 231 gold pieces
  9053 | D:1      | Bought a scroll of enchant weapon for 75 gold pieces
  9053 | D:1      | Bought a scroll of identify for 20 gold pieces
  9368 | D:9      | Reached XP level 11. HP: 78/101 MP: 11/11
  9846 | D:9      | Found a white marble altar of Elyvilon.
  9846 | D:9      | Found a glowing silver altar of Zin.
  9846 | D:9      | Found a glowing golden altar of the Shining One.
 10081 | D:9      | Reached skill level 11 in Fighting
 10215 | D:10     | Entered Level 10 of the Dungeon
 10252 | D:10     | Found a broken altar of Ashenzari.
 10530 | D:10     | Noticed a two-headed ogre
 10549 | D:10     | Killed a two-headed ogre
 11006 | D:10     | Found a staircase to the Lair.
 11113 | D:10     | Reached skill level 10 in Maces & Flails
 11267 | D:10     | Found an ancient bone altar of Kikubaaqudgha.
 11336 | D:10     | Found a radiant altar of Vehumet.
 11535 | D:11     | Noticed a two-headed ogre
 11541 | D:11     | Killed a two-headed ogre
 11702 | D:11     | Found Niduv's Jewellery Emporium.
 11704 | D:11     | Noticed a cyclops
 11716 | D:11     | Killed a cyclops
 11717 | D:11     | Reached skill level 12 in Fighting
 11930 | D:11     | Noticed a cyclops
 11946 | D:11     | Killed a cyclops
 12099 | D:11     | Noticed a manticore
 12107 | D:11     | Killed a manticore
 12114 | D:11     | Noticed a cyclops
 12142 | D:11     | Found Noiciy's Armour Emporium.
 12147 | D:11     | Noticed a cyclops
 12148 | D:11     | Noticed a wolf spider
 12148 | D:11     | Noticed a four-headed hydra
 12148 | D:11     | Noticed a deep elf pyromancer
 12151 | D:11     | Noticed a cyclops
 12456 | Lair:1   | Entered Level 1 of the Lair of Beasts
 12532 | Lair:1   | Reached XP level 12. HP: 112/112 MP: 12/12
 13017 | Lair:1   | Noticed an eight-headed hydra
 13044 | Lair:1   | Killed an eight-headed hydra
 13290 | Lair:1   | Identified the ring "Forey" {rN++ Will+}
 13737 | Lair:2   | Reached skill level 13 in Fighting
 14944 | Lair:2   | Found a staircase to the Swamp.
 15210 | Lair:3   | Noticed a catoblepas
 15467 | Lair:3   | Reached skill level 14 in Fighting
 15861 | Lair:3   | Killed a catoblepas
 15862 | Lair:3   | Reached XP level 13. HP: 125/125 MP: 13/13
 16552 | Lair:3   | Found a staircase to the Snake Pit.
 16566 | Lair:3   | Reached skill level 15 in Fighting
 18438 | Lair:5   | Entered Level 5 of the Lair of Beasts
 18732 | Lair:5   | Found a runed translucent gate.
 18732 | Lair:5   | Found a runed translucent gate.
 18732 | Lair:5   | Found a runed translucent gate.
 18732 | Lair:5   | Noticed Scrimshaw's ghost (journeyman TeAE)
 18732 | Lair:5   | Noticed Xegu's ghost (journeyman DjSu)
 19362 | D:1      | Bought a scroll of teleportation for 30 gold pieces
 19362 | D:1      | Bought a scroll of identify for 20 gold pieces
 19362 | D:1      | Bought a scroll of amnesia for 40 gold pieces
 19362 | D:1      | Bought a scroll of teleportation for 30 gold pieces
 19362 | D:1      | Bought a scroll of fog for 40 gold pieces
 19362 | D:1      | Bought a scroll of teleportation for 30 gold pieces
 19718 | Lair:5   | Reached skill level 10 in Armour
 19840 | Lair:5   | Reached skill level 16 in Fighting
 20496 | Lair:5   | Reached XP level 14. HP: 98/138 MP: 14/14
 20717 | Lair:5   | Found a staircase to the Slime Pits.
 20945 | Lair:5   | Reached skill level 10 in Shields
 21627 | Lair:5   | Reached skill level 17 in Fighting
 22674 | D:11     | Found Nisuad's General Store.
 22677 | D:11     | Bought a scroll of identify for 24 gold pieces
 22713 | D:11     | Bought the ring of Fofaitec {rElec rPois rF- Str+7 Dex+6}
                  | for 742 gold pieces
 22763 | D:11     | Bought a scroll of enchant weapon for 90 gold pieces
 22876 | D:11     | Noticed Harold
 22886 | D:11     | Killed Harold
 22962 | D:11     | Identified the +7 sling of Ehiaqomi {freeze, rCorr Str+4
                  | Dex+3}
 23355 | D:11     | Found Qeffimas's Antique Armour Boutique.
 23359 | D:11     | Bought a leather armour for 56 gold pieces
 23512 | D:11     | Found a portal to a secret trove of treasure.
 23688 | D:11     | Bought a runed troll leather armour for 504 gold pieces
 23763 | D:11     | Identified the +1 ring mail "Ranuimn" {Str+3}
 24264 | D:12     | Found a white marble altar of Elyvilon.
 24282 | D:12     | Upgraded the game from 0.30-a0-972-gf3ab3527aa to
                  | 0.30-a0-986-g7f2e898f52
 24722 | D:12     | Reached skill level 18 in Fighting
 25313 | D:12     | Reached skill level 15 in Maces & Flails
 25693 | D:12     | Found a staircase to the Orcish Mines.
 26214 | D:13     | Reached XP level 15. HP: 144/149 MP: 15/15
 26214 | D:13     | Found Aducs's Antique Armour Boutique.
 26387 | D:13     | Found a blossoming altar of Fedhas.
 26602 | D:13     | You fall into a shaft and drop 1 floor!
 26654 | D:14     | Found a frozen archway.
 28209 | D:11     | Bought a ring of flight for 210 gold pieces
 28566 | D:14     | Noticed Josephine
 28573 | D:14     | Found a gate to the Vaults.
 28579 | D:14     | Killed Josephine
 28667 | D:14     | Noticed Agnes
 28684 | D:14     | Killed Agnes
 28953 | D:14     | Found a runed translucent gate.
 28953 | D:14     | Found a runed translucent gate.
 28953 | D:14     | Found a runed translucent gate.
 28954 | D:14     | Found an opulent altar of Gozag.
 28954 | D:14     | Found Puroitis's Assorted Antiques.
 28955 | D:14     | Noticed Wociock's ghost (journeyman DgHW)
 29040 | D:14     | Bought a potion of might for 60 gold pieces
 29040 | D:14     | Bought a potion of might for 60 gold pieces
 29162 | D:15     | Entered Level 15 of the Dungeon
 29263 | D:15     | Found a staircase to the Depths.
 29844 | D:15     | Found a shimmering altar of Xom.
 30087 | D:15     | Reached skill level 19 in Fighting
 30649 | D:15     | Identified the ring of Ovvu {Ice MP+9 Str+3}
 31201 | D:14     | Bought a potion of cancellation for 120 gold pieces
 31302 | Orc:1    | Entered Level 1 of the Orcish Mines
 31768 | Orc:2    | Entered Level 2 of the Orcish Mines
 31806 | Orc:2    | Reached XP level 16. HP: 160/160 MP: 16/16
 31865 | Orc:2    | Reached skill level 15 in Shields
 32510 | Orc:2    | Found Kittyt's Book Boutique.
 32515 | Orc:2    | Found a staircase to the Elven Halls.
 32952 | Orc:2    | Paralysed by an orc sorcerer for 5 turns
 33160 | Orc:2    | Found Jity's Armour Shoppe.
 33160 | Orc:2    | Found Furam's Antique Weapon Boutique.
 33176 | Orc:2    | Found Niecru's Book Shoppe.
 33176 | Orc:2    | Found Purhats's Weapon Boutique.
 33579 | Swamp:1  | Entered Level 1 of the Swamp
 34690 | Swamp:1  | HP: 1/161 [goliath frog (18)]
 34690 | Swamp:1  | Splashed by a goliath frog's acid

Illustrated notes

Levels and vault maps discovered:
D:1:      minmay_arrival_diagonal_passages, layout_basic, serial_shops,
          shop_fountains
D:2:      layout_rooms, serial_bayou_pond_e, uniq_jessica
D:3:      layout_rooms, chei_slow_surprise, mainiacjoe_overflow_brackets,
          portal_sewer_entry_c, minmay_increasing_density
D:4:      layout_basic, old_standard_altar,
          nicolae_uskayaw_murder_on_the_dancefloor,
          nicolae_yredelemnul_corpse_copse, temple_hall, uniq_menkaure,
          uniq_sigmund, uniq_robin
D:5:      layout_basic, chequers_serial_rivers_small_a, uniq_prince_ribbit1
D:6:      lemuel_ratsnest, layout_cave_pods, serial_shops, shop, uniq_grinder,
          uniq_crazy_yiuf_cottage, uniq_duvessa, uniq_pikel
D:7:      layout_basic, old_standard_altar, amcnicky_mini_pool_small
D:8:      layout_basic, minivault_4
D:9:      layout_basic, dreamdust_divine_triumvirate, minmay_fountain_box
D:10:     layout_cave_pools, ashenzari_conservatory_becter,
          lemuel_coloured_pillars_altar, tgw_kikubaaqudgha, david_lair_shrubbed
D:11:     minmay_the_grid_triangle_9x9_rhombus_thin_mashed
          [minmay_the_grid_triangle_9x9_sparse_checkered,
          minmay_the_grid_triangle_9x9_prize_schism,
          minmay_the_grid_triangle_9x9_dagger,
          minmay_the_grid_triangle_9x9_empty], layout_loops_ring, serial_shops,
          kennysheep_mini_moat, shop, nicolae_diamond_shop, shop_statue,
          enter_trove_6, minivault_25, uniq_harold
D:12:     minmay_big_diamond_grid, layout_basic, serial_curves, eino_curves_02,
          eino_curves_02, hangedman_abyss_or_decor_jellyfish_corner,
          minmay_misc_feat_plants, elyvilon_altar_4
D:13:     layout_loops_corners, serial_shops, nicolae_inconvenience_store,
          minivault_22, fedhas_altar_3
D:14:     layout_roguey, david_vaults_1, portal_ice_cave_entry_ice_statue_two,
          ebering_ghost_gozag, uniq_agnes, uniq_josephine
D:15:     gammafunk_depths_entry_grave, layout_loops_corners, led_xom_imps
Temple:   chequers_temple_sunken
Lair:1:   layout_long_grid, small_statue_intersection
Lair:2:   layout_misc_corridors, minmay_swamp_entry_worms, minmay_lindwurm_lava,
          infiniplex_staircase_pool_2, serial_bayou_shore_b
Lair:3:   minmay_lair_oklob_tunnel, layout_concentric_octagons,
          nicolae_snake_entry_warm_welcome, chequers_serial_rivers_micro_c,
          grunt_megastairs_2
Lair:4:   minmay_lair_oklob_chamber, layout_regular_city,
          chequers_serial_rivers_room_a
Lair:5:   grunt_lair_end_beastmaster, layout_gridlike,
          dpeg_slime_entry_enclosed, serial_bayou, serial_bayou_shore_b,
          serial_bayou_lagoon_a, serial_bayou_pond_a, serial_bayou_pond_b,
          gammafunk_ghost_cemetery
Swamp:1:  layout_basic_swamp, hangedman_swamp_lotus, swamp_pool2,
          hangedman_swamp_pad, nicolae_island_escapes
Orc:1:    layout_caves
Orc:2:    grunt_orc_tribal_feast, layout_diamond_mine, serial_shops, shop_coins

Skill      XL: |  1  2  3  4  5  6  7  8  9 10 11 12 13 14 15 16 |
---------------+-------------------------------------------------+-----
Axes           | 3 4 5 7 9 11 | 11.8
Fighting       | 4 5 6 7 8 10 12 14 16 18 19 | 19.6
Armour         | 4 5 6 7 8 10 12 | 12.0
Shields        | 4 5 6 7 9 12 14 15 | 15.0
Maces & Flails | 2 8 12 13 14 15 17 18 | 18.2

Action                     |  1- 3 |  4- 6 |  7- 9 | 10-12 | 13-15 | 16-18 || total
---------------------------+-------+-------+-------+-------+-------+-------++-------
  Melee: War axe           |    90 |   291 |   279 |       |       |       ||   660
         Mace              |       |       |    30 |   665 |  1450 |   278 ||  2423
  Throw: Dart              |       |       |       |     1 |       |       ||     1
 Invoke: Call Merchant     |       |       |       |     1 |     1 |       ||     2
         Potion Petition   |       |       |       |     4 |     2 |     4 ||    10
  Evoke: Wand              |       |       |    11 |    28 |    23 |     8 ||    70
    Use: Potion            |       |     7 |     4 |    12 |     6 |     4 ||    33
         Scroll            |       |     4 |     2 |    17 |    20 |     4 ||    47
   Stab: Held in net/web   |       |       |     1 |       |       |       ||     1
         Distracted        |       |       |       |     2 |     3 |     2 ||     7
         Petrified         |       |       |       |       |     5 |       ||     5
         Petrifying        |       |       |       |       |     1 |       ||     1
         Invisible         |       |       |       |       |       |     5 ||     5
 Armour: Scale mail        |    54 |   153 |   101 |    19 |       |       ||   327
         Chain mail        |       |       |       |   366 |  1035 |   181 ||  1582
  Dodge: Dodged            |    45 |   145 |   207 |   332 |   406 |    89 ||  1224
  Block: Buckler           |    29 |    84 |   127 |   190 |   418 |    96 ||   944

Table legend: (Time is in decaauts)
 A = Elapsed time spent in this place.
 B = Non-inter-level travel time spent in this place.
 C = Inter-level travel time spent in this place.
 D = Time resting spent in this place.
 E = Time spent auto-exploring this place.
 F = Levels seen in this place.
 G = Mean time per level.
                   A        B        C        D        E       F      G
               +--------+--------+--------+--------+--------+-----+--------+
         Total |  34458 |  31629 |   2829 |   9840 |  11839 |  25 | 1378.3 |
       Dungeon |  21020 |  18969 |   2051 |   4743 |   7935 |  15 | 1401.3 |
        Temple |    218 |    218 |      0 |      0 |    143 |   1 |  218.0 |
          Lair |  10323 |   9689 |    634 |   4354 |   2887 |   5 | 2064.6 |
         Swamp |    345 |    345 |      0 |    123 |      0 |   1 |  345.0 |
  Orcish Mines |   2067 |   1924 |    143 |    490 |    770 |   2 | 1033.5 |
         Sewer |    483 |    483 |      0 |    129 |    102 |   1 |  483.0 |
               +--------+--------+--------+--------+--------+-----+--------+

Top non-repeatable levels by time:
  Lair:2: 2915 daAuts
  Lair:5: 2749 daAuts
    D:12: 2271 daAuts
    D:11: 1991 daAuts
     D:6: 1887 daAuts
    D:10: 1760 daAuts
    D:14: 1715 daAuts
  Lair:4: 1697 daAuts
  Lair:3: 1610 daAuts
    D:15: 1581 daAuts
    D:13: 1542 daAuts
     D:4: 1424 daAuts
  Lair:1: 1350 daAuts
   Orc:2: 1270 daAuts
     D:9: 1258 daAuts
